 Dungeon Crawl Stone Soup version 0.18.1-6-gd335043 (webtiles) character file.

49015 Kenran the Fencer (level 14, -5/126 HPs)
             Began as a Hill Orc Berserker on May 16, 2016.
             Was the Champion of Trog.
             Slain by an orc knight
             ... wielding a +0 war axe
              (12 damage)
             ... on level 2 of the Orcish Mines on May 17, 2016.
             The game lasted 01:16:22 (32749 turns).

Kenran the Fencer (Hill Orc Berserker)             Turns: 32749, Time: 01:16:23

Health: -5/126     AC: 27    Str: 21    XL:     14   Next: 48%
Magic:  14/14      EV:  7    Int:  7    God:    Trog [******]
Gold:   1189       SH:  0    Dex: 14    Spells: 0 memorised, 13 levels left

rFire  . . .     SeeInvis .     R - +6 triple sword (freeze)
rCold  . . .     Gourm    .     r - +3 plate armour
rNeg   . . .     Faith    +     (shield currently unavailable)
rPois  +         Spirit   .     M - +1 helmet
rElec  .         Dismiss  .     P - +1 cloak
rCorr  .         Reflect  .     U - +1 pair of gloves
SustAt .         Harm     .     j - +0 pair of boots
MR     ++...                    A - amulet of faith
Stlth  ..........               G - ring of protection from magic
                                s - ring of poison resistance

@: about to teleport, very resistant to hostile enchantments, extremely
unstealthy
A: no striking features
a: Berserk, Trog's Hand, Brothers in Arms, Burn Spellbooks, Renounce Religion,
Convert to Beogh


You were on level 2 of the Orcish Mines.
You worshipped Trog.
Trog was exalted by your worship.
You were not hungry.

You visited 3 branches of the dungeon, and saw 19 of its levels.
You also visited: Ice Cave.

You collected 1189 gold pieces.

Inventory:

Hand Weapons
 c - a +7 triple sword of holy wrath
 h - a +2 whip of freezing
 R - a +6 triple sword of freezing (weapon)
Armour
 j - a +0 pair of boots (worn)
 r - a +3 plate armour (worn)
 M - a +1 helmet (worn)
 P - a +1 cloak (worn)
 U - a +1 pair of gloves (worn)
Jewellery
 m - an uncursed ring of sustain attributes
 s - a ring of poison resistance (left hand)
 y - an uncursed amulet of the gourmand
 A - an amulet of faith (around neck)
 G - a ring of protection from magic (right hand)
 K - an uncursed ring of resist corrosion
 Q - an uncursed ring of protection from cold
Wands
 p - a wand of teleportation (5/9)
 t - a wand of acid (8/15)
 B - a wand of disintegration (16/24)
 J - a wand of flame (19/48)
Scrolls
 b - 2 scrolls of magic mapping
 e - 6 scrolls of identify
 u - 6 scrolls of remove curse
 C - a scroll of immolation
 E - a scroll of recharging
 F - 3 scrolls of fog
 I - 4 scrolls of teleportation
 N - 4 scrolls of blinking
Potions
 a - 2 potions of curing
 d - 2 potions of brilliance {unknown}
 f - a potion of heal wounds
 k - a potion of lignification {unknown}
 n - a potion of magic {unknown}
 o - 3 potions of might
 q - 8 potions of flight {unknown}
 v - 3 potions of cure mutation
 w - 2 potions of haste {unknown}
 x - 3 potions of resistance {unknown}
 z - 3 potions of ambrosia {unknown}
 D - 2 potions of invisibility {unknown}
 H - 2 potions of berserk rage {unknown}
 L - a potion of mutation {unknown}
Comestibles
 g - 3 chunks of flesh
 i - 7 meat rations


   Skills:
 + Level 12.1 Fighting
 - Level 20.0 Long Blades
 - Level 12.5 Armour
 - Level 1.5 Dodging


You had 13 spell levels left.
You didn't know any spells.

Dungeon Overview and Level Annotations

Branches:
Dungeon (11/15)            Temple (0/1) D:5            Lair (6/8) D:9
  Swamp (0/4) Lair:5        Snake (0/4) Lair:3        Slime (0/6) Lair:6
    Orc (2/2) D:11            Elf (0/3) Orc:2

Altars:
Fedhas
Gozag
Makhleb
Pakellas
Sif Muna
Vehumet
Xom
Yredelemnul
The Shining One
Beogh

Shops:
D:4 [%?   D:6 %   Orc:2 !

Annotations:
D:10 1 runed door
Lair:1 exclusion: ice statue


Message History

Okay, then.
Evoke which item? (* to show all) (? for menu, Esc to quit)
Okay, then.
Drink which item? (? for menu, Esc to quit)
You feel much better.
The sun demon hits you but does no damage.
The orc knight closely misses you.
The orc priest mumbles some strange prayers to Beogh against you.
Beogh smites you!
* * * LOW HITPOINT WARNING * * *
Read which item? (? for menu, Esc to quit)
As you read the scroll of teleportation, it crumbles to dust.
You feel strangely unstable.
The orc warrior no longer looks unusually strong.
The sun demon hits you.
* * * LOW HITPOINT WARNING * * *
You are engulfed in flames!
* * * LOW HITPOINT WARNING * * *
The orc knight hits you with a war axe!
You die...

.......................#.
........................#
.....................#.##
...................##.#.#
..............)....#.....
...$#...##....###..))...#
. ##..###....###.....##
##..####..####..###
##@3###...# #...#
##oo###..###...#
##oo###..###..##
##o)######....# ##oo#
#.....## #o.# ##.....#
.oo# ##.#.## ....# #####
#...#


You could see an orc knight, a sun demon, 4 orc warriors, 3 orc priests and 2
orcs.

Vanquished Creatures
  A frost giant (IceCv)
  The ghost of UndeadYoungAthlete the Shatterer, a journeyman OgGl of Trog (D:11)
  Fannar (Lair:1)
  The ghost of Enish the Nimble, a journeyman HaHu of Gozag (Lair:2)
  5 hydras
  A catoblepas (Lair:3)
  An ice dragon (Lair:6)
  Erica (Lair:1)
  5 death yaks (Lair:5)
  Sonja (Lair:3)
  An unseen horror (D:11)
  The ghost of kotomi the Ducker, a novice TrCK of Xom (D:6)
  A griffon (Lair:5)
  4 elephants (Lair:5)
  A cyclops (D:11)
  An ice statue (IceCv)
  Joseph (D:9)
  2 black mambas
  The ghost of Etesian the Geomancer, a novice DEEE (D:5)
  An orange demon (Orc:2)
  A gargoyle (D:10)
  6 spiny frogs
  2 rime drakes
  A freezing wraith (Lair:1)
  9 komodo dragons
  19 polar bears
  A troll (D:10)
  10 blink frogs (Lair:3)
  A wraith (D:11)
  23 yaks
  8 hippogriffs
  3 basilisks
  Grum (D:10)
  2 hungry ghosts
  4 insubstantial wisps (Lair:5)
  4 nagas (Lair:3)
  A soldier ant (D:11)
  A warg (Orc:2)
  8 water moccasins
  2 hell hounds (D:9)
  10 porcupines
  10 ice beasts
  A black bear (D:11)
  2 sky beasts
  3 phantoms (D:4)
  9 orc warriors
  4 ogres
  20 wolves
  3 centaurs
  11 crocodiles
  The ghost of Etesian the Digger, an amateur DEEE (D:3)
  3 big kobolds
  17 giant frogs
  3 scorpions
  28 killer bees
  10 wights
  3 electric eels
  3 howler monkeys (D:8)
  7 crimson imps
  2 centaur zombies
  2 hounds
  6 jellies
  13 orc priests
  2 centaur skeletons
  A gnoll shaman (D:3)
  17 orc wizards
  6 iguanas
  6 worker ants
  11 sheep (Lair:4)
  2 hound skeletons
  2 worker ant zombies
  8 gnolls
  3 howler monkey skeletons
  10 adders
  62 river rats
  A shadow imp (D:11)
  A white imp (Lair:1)
  4 oozes (Lair:6)
  2 adder skeletons
  An adder zombie (D:6)
  6 worms
  4 giant geckos
  67 orcs
  A ball python (D:4)
  10 giant cockroaches
  5 goblins
  2 hobgoblins
  14 jackals
  20 kobolds
  5 quokkas
  8 bats
  A giant gecko skeleton (D:6)
  7 giant newts
  A quokka skeleton (D:4)
  A quokka zombie (D:6)
  3 rats
  A fungus (Lair:2)
605 creatures vanquished.

Vanquished Creatures (others)
  2 river rats (Lair:6)
  21 fungi
  4 plants (Lair:3)
27 creatures vanquished.

Grand Total: 632 creatures vanquished

Notes
Turn   | Place    | Note
--------------------------------------------------------------
     0 | D:1      | Kenran the Hill Orc Berserker began the quest for the Orb.
     0 | D:1      | Reached XP level 1. HP: 19/19 MP: 1/1
   796 | D:1      | Reached XP level 2. HP: 17/26 MP: 2/2
   819 | D:1      | Reached skill level 4 in Long Blades
  1327 | D:2      | Found a shimmering altar of Xom.
  1466 | D:2      | Reached XP level 3. HP: 30/31 MP: 3/3
  2312 | D:3      | Reached skill level 5 in Long Blades
  2511 | D:3      | Noticed Etesian's ghost (amateur DEEE)
  2590 | D:4      | Reached XP level 4. HP: 38/39 MP: 4/4
  2644 | D:4      | Noticed a phantom
  2671 | D:4      | Reached ** piety under Trog
  2678 | D:4      | Killed a phantom
  2678 | D:4      | Reached skill level 6 in Long Blades
  2678 | D:4      | Reached XP level 5. HP: 29/45 MP: 5/5
  2871 | D:4      | Found Epej's Food Emporium.
  2911 | D:4      | Noticed a phantom
  2997 | D:4      | Killed a phantom
  2997 | D:4      | Reached skill level 7 in Long Blades
  2997 | D:4      | Reached XP level 6. HP: 11/51 MP: 6/6
  3996 | D:3      | Killed Etesian's ghost
  3996 | D:3      | Reached skill level 8 in Long Blades
  4389 | D:3      | Reached XP level 7. HP: 45/57 MP: 7/7
  4507 | D:4      | Found Wihomir's Magic Scroll Boutique.
  4816 | D:4      | Found Ceecowko's Armour Shop.
  5004 | D:5      | Entered Level 5 of the Dungeon
  5029 | D:5      | Reached skill level 5 in Fighting
  5165 | D:5      | Found a staircase to the Ecumenical Temple.
  5311 | D:5      | Reached *** piety under Trog
  5573 | D:5      | Found a burning altar of Makhleb.
  5574 | D:5      | Found a basalt altar of Yredelemnul.
  5580 | D:5      | Found an opulent altar of Gozag.
  5580 | D:5      | Found a radiant altar of Vehumet.
  5584 | D:5      | Found a blossoming altar of Fedhas.
  5587 | D:5      | Found an oddly glowing altar of Pakellas.
  5750 | D:5      | Noticed Etesian's ghost (novice DEEE)
  5769 | D:5      | Killed Etesian's ghost
  5769 | D:5      | Reached XP level 8. HP: 74/74 MP: 8/8
  7159 | D:6      | Reached skill level 9 in Long Blades
  7347 | D:6      | Found Utuimp's Food Shoppe.
  7459 | D:6      | Noticed kotomi's ghost (novice TrCK)
  7488 | D:6      | Killed kotomi's ghost
  7488 | D:6      | Reached skill level 10 in Long Blades
  7488 | D:6      | Reached XP level 9. HP: 82/82 MP: 9/9
  8029 | D:7      | Reached skill level 11 in Long Blades
  8856 | D:6      | Reached skill level 12 in Long Blades
  9886 | D:8      | Reached **** piety under Trog
  9898 | D:8      | Reached XP level 10. HP: 93/93 MP: 10/10
 10139 | D:8      | Reached skill level 10 in Fighting
 12043 | D:9      | Reached skill level 13 in Long Blades
 12138 | D:9      | Found a staircase to the Lair.
 12564 | D:9      | Noticed Joseph
 12579 | D:9      | Killed Joseph
 12579 | D:9      | Reached ***** piety under Trog
 12928 | D:10     | Entered Level 10 of the Dungeon
 13017 | D:10     | Noticed a gargoyle
 13271 | D:10     | Killed a gargoyle
 13271 | D:10     | Reached skill level 14 in Long Blades
 13931 | D:10     | Received a gift from Trog
 13996 | D:10     | Found a glowing golden altar of the Shining One.
 13996 | D:10     | Noticed an angel
 14015 | D:10     | Found a runed door.
 14314 | D:11     | Reached XP level 11. HP: 98/100 MP: 11/11
 14383 | D:11     | Noticed UndeadYoungAthlete's ghost (journeyman OgGl)
 14398 | D:11     | Killed UndeadYoungAthlete's ghost
 14398 | D:11     | Reached skill level 15 in Long Blades
 14648 | D:11     | Noticed a five-headed hydra
 14692 | D:10     | Noticed Grum
 14701 | D:10     | Killed Grum
 14853 | Lair:1   | Entered Level 1 of the Lair of Beasts
 15413 | Lair:1   | Got a translucent scale mail
 15424 | Lair:1   | Identified the +0 scale mail of Qissugen {Str+4} (You found it on level 1 of the Lair of Beasts)
 15443 | Lair:1   | Noticed Erica
 15578 | Lair:1   | Killed Erica
 15578 | Lair:1   | Reached skill level 16 in Long Blades
 17020 | Lair:1   | Noticed Fannar
 17419 | Lair:1   | Killed Fannar
 17419 | Lair:1   | Reached skill level 5 in Armour
 18728 | Lair:1   | Reached XP level 12. HP: 86/106 MP: 12/12
 19118 | Lair:2   | Noticed Enish's ghost (journeyman HaHu)
 19467 | Lair:1   | Noticed an eight-headed hydra
 19475 | Lair:1   | Killed an eight-headed hydra
 19628 | Lair:1   | Received a gift from Trog
 19845 | Lair:2   | Killed Enish's ghost
 20555 | Lair:3   | Reached skill level 10 in Armour
 20902 | Lair:3   | Noticed Sonja
 20912 | Lair:3   | Killed Sonja
 21251 | Lair:3   | Noticed a seven-headed hydra
 21263 | Lair:3   | Killed a seven-headed hydra
 21561 | Lair:3   | Found a staircase to the Snake Pit.
 21592 | Lair:3   | Received a gift from Trog
 21774 | Lair:3   | Noticed a catoblepas
 22109 | Lair:3   | Killed a catoblepas
 23132 | Lair:4   | Reached XP level 13. HP: 97/113 MP: 13/13
 23355 | Lair:4   | Reached skill level 17 in Long Blades
 24766 | Lair:5   | Reached skill level 18 in Long Blades
 24956 | Lair:5   | Found a staircase to the Swamp.
 25948 | Lair:6   | Found a frozen archway.
 25949 | Lair:6   | Noticed an ice dragon
 25960 | Lair:6   | Killed an ice dragon
 26266 | IceCv    | Entered an ice cave
 26272 | IceCv    | Received a gift from Trog
 26297 | IceCv    | Reached skill level 19 in Long Blades
 27291 | IceCv    | Reached XP level 14. HP: 111/121 MP: 14/14
 27386 | IceCv    | Noticed a frost giant
 27399 | IceCv    | Killed a frost giant
 27792 | Lair:6   | Reached ****** piety under Trog
 27793 | Lair:6   | Found a staircase to the Slime Pits.
 27994 | Lair:6   | Reached skill level 20 in Long Blades
 28213 | Lair:6   | Received a gift from Trog
 29607 | Lair:6   | Received a gift from Trog
 30834 | D:11     | Found a staircase to the Orcish Mines.
 31122 | D:11     | Found a roughly hewn altar of Beogh.
 31787 | Orc:1    | Entered Level 1 of the Orcish Mines
 31969 | Orc:1    | Found a deep blue altar of Sif Muna.
 32051 | Orc:1    | Received a gift from Trog
 32314 | Orc:2    | Entered Level 2 of the Orcish Mines
 32347 | Orc:2    | Found a roughly hewn altar of Beogh.
 32721 | Orc:2    | Found a staircase to the Elven Halls.
 32727 | Orc:2    | Found Essoev's Distillery.
 32749 | Orc:2    | Slain by an orc knight

Skill      XL: |  1  2  3  4  5  6  7  8  9 10 11 12 13 14 |
---------------+-------------------------------------------+-----
Long Blades    | 4 5 6 7 8 10 12 14 16 19 20 | 20.0
Fighting       | 7 8 9 10 12 | 12.1
Armour         | 4 7 12 | 12.5
Dodging        | |  1.5

Action                   |  1- 3 |  4- 6 |  7- 9 | 10-12 | 13-15 || total
-------------------------+-------+-------+-------+-------+-------++-------
Melee: Falchion          |   135 |   212 |   492 |    71 |       ||   910
       Great sword       |       |       |       |   565 |       ||   565
       Triple sword      |       |       |       |   156 |   650 ||   806
       Whip              |       |       |       |    12 |    37 ||    49
Invok: Berserk           |       |     1 |     5 |    11 |     5 ||    22
       Burn Spellbooks   |       |       |       |     2 |     1 ||     3
       Trog's Hand       |       |       |       |     7 |       ||     7
Evoke: Wand              |       |       |     1 |       |       ||     1
  Use: Scroll            |       |     6 |     7 |     9 |     8 ||    30
       Potion            |       |       |     7 |     5 |     2 ||    14
  Eat: Chunk             |     4 |     7 |    24 |    21 |    21 ||    77
       Pizza             |     1 |       |     1 |     1 |       ||     3
       Royal jelly       |       |       |     1 |       |     1 ||     2
       Bread ration      |       |       |     4 |     3 |     2 ||     9
       Fruit             |       |       |     3 |     4 |       ||     7
       Beef jerky        |       |       |     1 |     3 |       ||     4
       Meat ration       |       |       |     1 |     2 |     1 ||     4
Armor: Animal skin       |    12 |       |       |       |       ||    12
       Plate armour      |    70 |   118 |   311 |   505 |   649 ||  1653
Dodge: Dodged            |    56 |    60 |   170 |   253 |   274 ||   813
